 Dungeon Crawl Stone Soup version 0.26-a0-712-ga5a9c9c9d0 (webtiles) character file.

Game seed: 17009064652685674501

12 kae the Insei (level 2, -1/18 HPs)
             Began as an Octopode Transmuter on Nov 6, 2020.
             Succumbed to a goblin's poison
             ... on level 1 of the Dungeon.
             The game lasted 00:00:20 (468 turns).

kae the Insei (Octopode Transmuter)                  Turns: 468, Time: 00:00:20

Health: -1/18      AC:  1    Str:  9    XL:     2   Next: 33%
Magic:  4/5        EV: 13    Int: 15    God:
Gold:   28         SH:  0    Dex: 12    Spells: 4/5 levels left

rFire    . . .     SeeInvis .     - Unarmed
rCold    . . .     Faith    .   (no shield)
rNeg     . . .     Spirit   .   (helmet currently unavailable)
rPois    .         Reflect  .   (no amulet)
rElec    .         Harm     .   (no ring)
rCorr    .         Rampage  .   (no ring)
MR       .....                  (no ring)
Stlth    ++........             (no ring)
HPRegen  0.06/turn              (no ring)
MPRegen  0.09/turn              (no ring)
                                (no ring)
                                (no ring)

@: lethally poisoned (-1 -> -27), appendages (expiring), hasted, very quick
A: almost no armour, stealthy swim, amphibious, 8 rings, constrict 8, tentacle
spike 3, camouflage 1, gelatinous body 1
a: End Transformation


You were on level 1 of the Dungeon.
One of your tentacles had a temporary spike.
You visited 1 branch of the dungeon, and saw 1 of its levels.

You collected 28 gold pieces.

Inventory:

Scrolls
 a - a scroll of blinking {unknown}


   Skills:
 + Level 1.1 Fighting
 + Level 2.0 Dodging
 * Level 3.2 Unarmed Combat
 + Level 2.0 Spellcasting
 * Level 2.3 Transmutations


You had 4 spell levels left.
You knew the following spells:

 Your Spells              Type           Power        Failure   Level
a - Beastly Appendage     Tmut           #.....       9%          1

Your spell library contained the following spells:

 Spells                   Type           Power        Failure   Level
 Wereblood                Tmut           #.......     13%         2
 Spider Form              Tmut/Pois      #.........   38%         3
 Ice Form                 Ice/Tmut       #.......     80%         4
 Blade Hands              Tmut           #.........   93%         5


Dungeon Overview and Level Annotations

Branches:
Dungeon (1/15)

Altars:


Innate Abilities, Weirdness & Mutations

You cannot wear most types of armour.
You are very stealthy in the water. (Stealth+)
You are amphibious.
You can wear up to eight rings at the same time.
You can use your tentacles to constrict eight enemies at once.
Your skin changes colour to match your surroundings (Stealth+).
Your rubbery body absorbs attacks. (AC +1, EV +1)
One of your tentacles bears a large vicious spike.


Message History

You are lethally poisoned!
You feel sick.
Your transformation is almost over.
You feel sick. The rat bites you.
You barely miss the rat. Your grab misses the rat.
You feel sick. The rat closely misses you.
The goblin throws a poisoned dart.
The poisoned dart hits you!
You are more poisoned.
You are too injured to fight recklessly!
You feel very sick. The rat bites you.
* * * LOW HITPOINT WARNING * * *
The goblin hits you.
* * * LOW HITPOINT WARNING * * *
You tentacle-slap the goblin.
You kill the goblin!
* * * LOW HITPOINT WARNING * * *
You feel sick. The rat misses you.
It was a potion of haste.
You feel yourself speed up.
You die...

#.#### #)†#..............
#....####........(.......
####....##.....†.........
#......#.......#......
#...........#.........
#...........(..######.
####......###(#[.#.$.#..
......#####.....#.......
.†...## #....(@.......
##..## ##..##r(......
.####.... +#...........
..# .... #..#........ ..#
... #........... ..# ..#
#..#####.... ..##..## #.
.... ..##...##.. # ...
...........


You could see a rat.

Vanquished Creatures
  A giant cockroach (D:1)
  4 goblins (D:1)
  2 hobgoblins (D:1)
  2 kobolds (D:1)
  2 rats (D:1)
11 creatures vanquished.

Notes
Turn   | Place    | Note
-------+----------+-------------------------------------------
     0 | D:1      | kae the Octopode Transmuter began the quest for the Orb.
     0 | D:1      | Reached XP level 1. HP: 13/13 MP: 3/3
   372 | D:1      | Reached XP level 2. HP: 18/18 MP: 3/5
   468 | D:1      | Succumbed to a goblin's poison

Illustrated notes

Levels and vault maps discovered:
D:1:      minmay_arrival_four_loops, layout_rooms

Action                   || total
-------------------------++-------
Melee: Unarmed           ||    19
       Constrict         ||     8
       Tentacles         ||     5
       Kick              ||     4
 Cast: Beastly Appendage ||     7
  Use: Potion            ||     1
 Stab: Sleeping          ||     1
Dodge: Dodged            ||     9

Table legend: (Time is in decaauts)
 A = Elapsed time spent in this place.
 B = Non-inter-level travel time spent in this place.
 C = Inter-level travel time spent in this place.
 D = Time resting spent in this place.
 E = Time spent auto-exploring this place.
 F = Levels seen in this place.
 G = Mean time per level.
                   A        B        C        D        E       F      G
               +--------+--------+--------+--------+--------+-----+--------+
         Total |    466 |    466 |      0 |      0 |    393 |   1 |  466.0 |
       Dungeon |    466 |    466 |      0 |      0 |    393 |   1 |  466.0 |
               +--------+--------+--------+--------+--------+-----+--------+

Top non-repeatable levels by time:
     D:1: 466 daAuts
